| TOP OF THE 1ST |
|
Aberdeen Pheasants batting - Pitching for Watertown Bucks : RHP Tony Valenzuela
|
|
Pitching: RHP Tony Valenzuela
|
|
|
Batting: SHB Stephen Moore
|
0-0: Ball 1-0: Foul Ball, location: 2F 1-1: Ground out 5-3 (Groundball, 56, EV 103.8 MPH)
|
|
Batting: RHB Alejandro Luna
|
0-0: Ball 1-0: Ball 2-0: Ball 3-0: Called Strike 3-1: Foul Ball, location: 2F 3-2: Foul Ball, location: 2F 3-2: Foul Ball, location: 2F 3-2: Fly out, F9 (Line Drive, 9, EV 92.5 MPH)
|
|
Batting: LHB Bob Porter
|
0-0: Ball 1-0: Ground out U3 (Groundball, 3, EV 90.0 MPH)
|
| Top of the 1st over - 0 runs, 0 hits, 0 errors, 0 left on base; Aberdeen 0 - Watertown 0 |
| BOTTOM OF THE 1ST |
|
Watertown Bucks batting - Pitching for Aberdeen Pheasants : RHP Josh Seymour
|
|
Pitching: RHP Josh Seymour
|
|
|
Batting: SHB Luis Rivera
|
0-0: Ball 1-0: Called Strike 1-1: Foul Ball, location: 2F 1-2: Ball 2-2: Foul Ball, location: 2F 2-2: Ball 3-2: Ground out 6-3 (Groundball, 6, EV 100.0 MPH)
|
|
Batting: RHB Robert Tanzi
|
0-0: Ball 1-0: Called Strike 1-1: Ground out 4-3 (Groundball, 4D, EV 102.5 MPH)
|
|
Batting: LHB Greg Guin
|
0-0: Called Strike 0-1: Ground out 6-3 (Groundball, 6, EV 106.3 MPH)
|
| Bottom of the 1st over - 0 runs, 0 hits, 0 errors, 0 left on base; Aberdeen 0 - Watertown 0 |
| TOP OF THE 2ND |
|
Aberdeen Pheasants batting - Pitching for Watertown Bucks : RHP Tony Valenzuela
|
|
Batting: RHB Thomas Masterson
|
0-0: Ball 1-0: SINGLE (Line Drive, 3D, EV 95.0 MPH)
|
|
Batting: LHB Tim Thompson
|
0-0: Called Strike Thomas Masterson steals 2nd, throwing error, E2 Thomas Masterson to third 0-1: Fly out, F4 (Flyball, 34D, EV 73.1 MPH)
|
|
Batting: LHB Robert McNair
|
0-0: Called Strike 0-1: Foul Ball, location: 2F 0-2: Ball 1-2: Strikes out looking
|
|
Batting: RHB Pedro Chavez
|
0-0: Ball 1-0: Ground out 6-3 (Groundball, 6, EV 78.8 MPH)
|
| Top of the 2nd over - 0 runs, 1 hit, 1 error, 1 left on base; Aberdeen 0 - Watertown 0 |
| BOTTOM OF THE 2ND |
|
Watertown Bucks batting - Pitching for Aberdeen Pheasants : RHP Josh Seymour
|
|
Batting: RHB Richard Plautz
|
0-0: Ball 1-0: TRIPLE (Line Drive, 78XD, EV 105.0 MPH)
|
|
Batting: RHB Sebastiano Borriello
|
0-0: Ball 1-0: Called Strike 1-1: Ball 2-1: Foul Ball, location: 2F 2-2: Foul Ball, location: 2F 2-2: Foul Ball, location: 2F 2-2: Ball 3-2: SINGLE (Groundball, 6MD, EV 107.5 MPH) Richard Plautz scores
|
|
Batting: RHB Eugene Cattane
|
0-0: Ball 1-0: Called Strike 1-1: Ball 2-1: Called Strike 2-2: Fly out, F9 (Line Drive, 9, EV 107.5 MPH)
|
|
Batting: SHB Bruce Hines
|
0-0: Called Strike 0-1: Swinging Strike 0-2: Ball 1-2: Foul Ball, location: 2F 1-2: Foul Ball, location: 2F 1-2: Strikes out swinging
|
|
Batting: RHB Thomas Dimino
|
0-0: Ball 1-0: Foul Ball, location: 2F 1-1: Ball 2-1: Foul Ball, location: 2F 2-2: Ball 3-2: DOUBLE (Flyball, 8LD, EV 96.3 MPH) Sebastiano Borriello to third Sebastiano Borriello scores
|
|
Batting: LHB Carl Spikes
|
0-0: Ball 1-0: Ball 2-0: Ball 3-0: Base on Balls
|
|
Batting: SHB Luis Rivera
|
0-0: Called Strike 0-1: Ball 1-1: Swinging Strike 1-2: Foul Ball, location: 2F 1-2: Foul Ball, location: 2F 1-2: Ball 2-2: SINGLE (Groundball, 34S, EV 68.8 MPH) (infield hit) Thomas Dimino to third Carl Spikes to second
|
|
Batting: RHB Robert Tanzi
|
0-0: Fielders Choice at 2nd, 6-4 (Groundball, 6, EV 84.4 MPH)
|
| Bottom of the 2nd over - 2 runs, 4 hits, 0 errors, 3 left on base; Aberdeen 0 - Watertown 2 |
| TOP OF THE 3RD |
|
Aberdeen Pheasants batting - Pitching for Watertown Bucks : RHP Tony Valenzuela
|
|
Batting: RHB Armando Ramirez
|
0-0: Called Strike 0-1: Called Strike 0-2: DOUBLE (Line Drive, 8RD, EV 85.0 MPH)
|
|
Batting: RHB Diego Martinez
|
0-0: Called Strike 0-1: Ground out 5-3 (Groundball, 5, EV 89.4 MPH)
|
|
Batting: SHB Stephen Moore
|
0-0: Called Strike 0-1: Ball 1-1: Ground out U3 (Groundball, 3, EV 88.8 MPH) Armando Ramirez to third
|
|
Batting: RHB Alejandro Luna
|
0-0: Ball 1-0: Ball 2-0: Foul Ball, location: 2F 2-1: Called Strike 2-2: Foul Ball, location: 2F 2-2: Strikes out swinging
|
| Top of the 3rd over - 0 runs, 1 hit, 0 errors, 1 left on base; Aberdeen 0 - Watertown 2 |
| BOTTOM OF THE 3RD |
|
Watertown Bucks batting - Pitching for Aberdeen Pheasants : RHP Josh Seymour
|
|
Batting: LHB Greg Guin
|
0-0: Swinging Strike 0-1: Ball 1-1: SINGLE (Line Drive, 4M, EV 99.4 MPH)
|
|
Batting: RHB Richard Plautz
|
0-0: Called Strike 0-1: Ball 1-1: Ball 2-1: Foul Ball, location: 2F 2-2: Foul Ball, location: 2F 2-2: Foul Ball, location: 2F 2-2: Ball 3-2: Strikes out swinging
|
|
Batting: RHB Sebastiano Borriello
|
0-0: Ball 1-0: Ground out 6-3 (Groundball, P, EV 83.8 MPH) Greg Guin to second
|
|
Batting: RHB Eugene Cattane
|
0-0: Ball 1-0: Ground out 6-3 (Groundball, 6, EV 104.4 MPH)
|
| Bottom of the 3rd over - 0 runs, 1 hit, 0 errors, 1 left on base; Aberdeen 0 - Watertown 2 |
| TOP OF THE 4TH |
|
Aberdeen Pheasants batting - Pitching for Watertown Bucks : RHP Tony Valenzuela
|
|
Batting: LHB Bob Porter
|
0-0: Called Strike 0-1: Fly out, F8 (Flyball, 89M, EV 71.9 MPH)
|
|
Batting: RHB Thomas Masterson
|
0-0: Ball 1-0: Foul Ball, location: 2F 1-1: Called Strike 1-2: Ball 2-2: Ball 3-2: Ground out 6-3 (Groundball, 6, EV 88.8 MPH)
|
|
Batting: LHB Tim Thompson
|
0-0: Ball 1-0: Ball 2-0: Foul Ball, location: 2F 2-1: Ball 3-1: Base on Balls
|
|
Batting: LHB Robert McNair
|
0-0: DOUBLE (Line Drive, 89M, EV 100.6 MPH) Tim Thompson to third Runner from 3rd tries for Home, SAFE, throw by RF to trailing runner, OUT at third! 9-3-5
|
| Top of the 4th over - 1 run, 1 hit, 0 errors, 0 left on base; Aberdeen 1 - Watertown 2 |
| BOTTOM OF THE 4TH |
|
Watertown Bucks batting - Pitching for Aberdeen Pheasants : RHP Josh Seymour
|
|
Batting: SHB Bruce Hines
|
0-0: Swinging Strike 0-1: Foul Ball, location: 2F 0-2: Strikes out looking
|
|
Batting: RHB Thomas Dimino
|
0-0: Foul Ball, location: 2F 0-1: Ball 1-1: Swinging Strike 1-2: Ball 2-2: Strikes out swinging
|
|
Batting: LHB Carl Spikes
|
0-0: Ground out 6-3 (Groundball, 6, EV 87.5 MPH)
|
| Bottom of the 4th over - 0 runs, 0 hits, 0 errors, 0 left on base; Aberdeen 1 - Watertown 2 |
| TOP OF THE 5TH |
|
Aberdeen Pheasants batting - Pitching for Watertown Bucks : RHP Tony Valenzuela
|
|
Batting: RHB Pedro Chavez
|
0-0: Called Strike 0-1: Ball 1-1: Reached on error, E6 (Groundball, 6, EV 88.1 MPH)
|
|
Batting: RHB Armando Ramirez
|
0-0: Ball 1-0: Bunt - Flyout to 15! F1
|
|
Batting: RHB Diego Martinez
|
0-0: Ball 1-0: 2-RUN HOME RUN (Flyball, 7D, EV 108.1 MPH), Distance : 362 ft
|
|
Batting: SHB Stephen Moore
|
0-0: Fly out, F8 (Flyball, 8RS, EV 78.8 MPH)
|
|
Batting: RHB Alejandro Luna
|
0-0: Foul Ball, location: 2F 0-1: Called Strike 0-2: Strikes out swinging
|
| Top of the 5th over - 2 runs, 1 hit, 1 error, 0 left on base; Aberdeen 3 - Watertown 2 |
| BOTTOM OF THE 5TH |
|
Watertown Bucks batting - Pitching for Aberdeen Pheasants : RHP Josh Seymour
|
|
Batting: SHB Luis Rivera
|
0-0: Ball 1-0: Foul Ball, location: 2F 1-1: Ball 2-1: Ground out 5-3 (Groundball, 15, EV 91.3 MPH)
|
|
Batting: RHB Robert Tanzi
|
0-0: SINGLE (Line Drive, 89M, EV 104.4 MPH)
|
|
Batting: LHB Greg Guin
|
0-0: Fly out, F7 (Line Drive, 7D, EV 95.6 MPH)
|
|
Batting: RHB Richard Plautz
|
0-0: Called Strike 0-1: Ball 1-1: Ball 2-1: Ball Passed Ball! Robert Tanzi to second 3-1: Base on Balls
|
|
Batting: RHB Sebastiano Borriello
|
0-0: Foul Ball, location: 2F 0-1: Fly out, F9 (Flyball, 9LD, EV 78.8 MPH)
|
| Bottom of the 5th over - 0 runs, 1 hit, 0 errors, 2 left on base; Aberdeen 3 - Watertown 2 |
| TOP OF THE 6TH |
|
Aberdeen Pheasants batting - Pitching for Watertown Bucks : RHP Tony Valenzuela
|
|
Batting: LHB Bob Porter
|
0-0: Foul Ball, location: 2F 0-1: Ball 1-1: Ball 2-1: Foul Ball, location: 2F 2-2: Foul Ball, location: 2F 2-2: Ball 3-2: Reached on error, E3 (Groundball, 34, EV 99.4 MPH)
|
|
Batting: RHB Thomas Masterson
|
0-0: Foul Ball, location: 2F 0-1: Ball 1-1: Ball 2-1: Ball 3-1: Fly out, F7 (Flyball, 7S, EV 81.9 MPH)
|
|
Batting: LHB Tim Thompson
|
0-0: Ball 1-0: Ball 2-0: Ball 3-0: Called Strike 3-1: Called Strike 3-2: Fly out, F7 (Flyball, 78D, EV 103.8 MPH)
|
|
Batting: LHB Robert McNair
|
0-0: Ball 1-0: Called Strike Bob Porter steals 2nd base 1-1: Intentional Walk
|
|
Batting: RHB Pedro Chavez
|
0-0: Fly out, F9 (Flyball, 9LM, EV 84.4 MPH)
|
| Top of the 6th over - 0 runs, 0 hits, 1 error, 2 left on base; Aberdeen 3 - Watertown 2 |
| BOTTOM OF THE 6TH |
|
Watertown Bucks batting - Pitching for Aberdeen Pheasants : RHP Josh Seymour
|
|
Batting: RHB Eugene Cattane
|
0-0: Fly out, F4 (Flyball, 4D, EV 85.6 MPH)
|
|
Batting: SHB Bruce Hines
|
0-0: Ball 1-0: Ball 2-0: Ball 3-0: Called Strike 3-1: Fly out, F7 (Flyball, 78M, EV 92.5 MPH)
|
|
Batting: RHB Thomas Dimino
|
0-0: Ball 1-0: Foul Ball, location: 2F 1-1: Ball 2-1: Called Strike 2-2: Ball 3-2: Ground out 4-3 (Groundball, 4M, EV 106.3 MPH)
|
| Bottom of the 6th over - 0 runs, 0 hits, 0 errors, 0 left on base; Aberdeen 3 - Watertown 2 |
| TOP OF THE 7TH |
|
Aberdeen Pheasants batting - Pitching for Watertown Bucks : RHP Tony Valenzuela
|
|
Batting: RHB Armando Ramirez
|
0-0: Ball 1-0: SINGLE (Groundball, 6MD, EV 100.0 MPH)
|
|
Batting: RHB Diego Martinez
|
0-0: Sac Bunt to 13 - play at first, batter OUT! 1-4 Armando Ramirez to second
|
|
Batting: SHB Stephen Moore
|
0-0: Intentional Walk
|
|
Batting: RHB Alejandro Luna
|
0-0: Grounds into double play, 6-4-3 (Groundball, 6, EV 100.6 MPH)
|
| Top of the 7th over - 0 runs, 1 hit, 0 errors, 1 left on base; Aberdeen 3 - Watertown 2 |
| BOTTOM OF THE 7TH |
|
Watertown Bucks batting - Pitching for Aberdeen Pheasants : RHP Josh Seymour
|
|
Batting: LHB Carl Spikes
|
0-0: Ball 1-0: SINGLE (Groundball, 25, EV 66.3 MPH) (infield hit)
|
|
Pinch Hitting: LHB Bryan Neal
|
0-0: Ball 1-0: Called Strike 1-1: Ball 2-1: Fly out, F4 (Flyball, 3D, EV 90.0 MPH)
|
|
Batting: RHB Robert Tanzi
|
0-0: Ball 1-0: Ball 2-0: Foul Ball, location: 2F 2-1: Ball 3-1: SINGLE (Groundball, 34, EV 88.1 MPH) (infield hit) Carl Spikes to second
|
|
Batting: LHB Greg Guin
|
0-0: Foul Ball, location: 2F 0-1: Ball 1-1: Ball 2-1: Ball 3-1: Foul Ball, location: 2F 3-2: Grounds into double play, 6-4-3 (Groundball, 6M, EV 104.4 MPH)
|
| Bottom of the 7th over - 0 runs, 2 hits, 0 errors, 1 left on base; Aberdeen 3 - Watertown 2 |
| TOP OF THE 8TH |
|
Aberdeen Pheasants batting - Pitching for Watertown Bucks : RHP Tony Valenzuela
|
|
Now at 2B: Marvin Clack
|
|
|
Batting: LHB Bob Porter
|
0-0: Ball 1-0: Foul Ball, location: 2F 1-1: SINGLE (Groundball, 34D, EV 100.0 MPH)
|
|
Batting: RHB Thomas Masterson
|
0-0: Called Strike Bob Porter steals 2nd base (no throw) 0-1: SINGLE (Groundball, 56D, EV 103.8 MPH) Bob Porter to third
|
|
Batting: LHB Tim Thompson
|
0-0: Foul Ball, location: 2F 0-1: Fly out, F7 (Flyball, 7D, EV 93.8 MPH) Runner from 3rd tags up, SCORES, no throw by LF
|
|
Batting: LHB Robert McNair
|
0-0: Called Strike 0-1: Foul Ball, location: 2F 0-2: Ball 1-2: Foul Ball, location: 2F 1-2: 2-RUN HOME RUN (Flyball, 9LD, EV 110.0 MPH), Distance : 352 ft
|
|
Pitching: LHP Kenneth Likewise
|
|
|
Batting: RHB Pedro Chavez
|
0-0: Fly out, F9 (Flyball, 9, EV 87.5 MPH)
|
|
Batting: RHB Armando Ramirez
|
0-0: Called Strike 0-1: Ball 1-1: Ball 2-1: Called Strike 2-2: Strikes out looking
|
| Top of the 8th over - 3 runs, 3 hits, 0 errors, 0 left on base; Aberdeen 6 - Watertown 2 |
| BOTTOM OF THE 8TH |
|
Watertown Bucks batting - Pitching for Aberdeen Pheasants : RHP Josh Seymour
|
|
Batting: RHB Richard Plautz
|
0-0: Ball 1-0: Ground out 5-3 (Groundball, 56S, EV 88.1 MPH)
|
|
Batting: RHB Sebastiano Borriello
|
0-0: Ball 1-0: Ball 2-0: Ball 3-0: Foul Ball, location: 2F 3-1: Base on Balls
|
|
Batting: RHB Eugene Cattane
|
0-0: Swinging Strike 0-1: Ball 1-1: Swinging Strike 1-2: Strikes out swinging
|
|
Batting: SHB Bruce Hines
|
0-0: Ball 1-0: Ball 2-0: Called Strike 2-1: Reached on error, E6 (Groundball, 6, EV 100.0 MPH) Sebastiano Borriello to second
|
|
Pitching: LHP Juan Contreras
|
|
|
Batting: RHB Thomas Dimino
|
0-0: Called Strike 0-1: Ball 1-1: Foul Ball, location: 2F 1-2: Ball 2-2: Ball 3-2: Fly out, F8 (Flyball, 8RS, EV 87.5 MPH)
|
| Bottom of the 8th over - 0 runs, 0 hits, 1 error, 2 left on base; Aberdeen 6 - Watertown 2 |
| TOP OF THE 9TH |
|
Aberdeen Pheasants batting - Pitching for Watertown Bucks : LHP Kenneth Likewise
|
|
Pitching: RHP Randy Graham
|
|
|
Batting: RHB Diego Martinez
|
0-0: Swinging Strike 0-1: Ball 1-1: Ball 2-1: Swinging Strike 2-2: Strikes out swinging
|
|
Batting: SHB Stephen Moore
|
0-0: Ball 1-0: Ground out 4-3 (Groundball, 4S, EV 83.1 MPH)
|
|
Batting: RHB Alejandro Luna
|
0-0: Foul Ball, location: 2F 0-1: Called Strike 0-2: Ball 1-2: Fly out, F9 (Flyball, 9, EV 85.0 MPH)
|
| Top of the 9th over - 0 runs, 0 hits, 0 errors, 0 left on base; Aberdeen 6 - Watertown 2 |
| BOTTOM OF THE 9TH |
|
Watertown Bucks batting - Pitching for Aberdeen Pheasants : LHP Juan Contreras
|
|
Batting: LHB Carl Spikes
|
0-0: Called Strike 0-1: Ball 1-1: Ball 2-1: Ball 3-1: Fly out, F9 (Flyball, 9LM, EV 95.0 MPH)
|
|
Batting: SHB Marvin Clack
|
0-0: Ball 1-0: Called Strike 1-1: SINGLE (Line Drive, 9S, EV 91.3 MPH)
|
|
Batting: RHB Robert Tanzi
|
0-0: Called Strike 0-1: Ball 1-1: Foul Ball, location: 2F 1-2: Foul Ball, location: 2F 1-2: Grounds into double play, 4-6-3 (Groundball, 34, EV 85.6 MPH)
|
| Bottom of the 9th over - 0 runs, 1 hit, 0 errors, 0 left on base; Aberdeen 6 - Watertown 2 |
|